 Dungeon Crawl Stone Soup version 0.25-a0-10-g2fe12d4386 (webtiles) character file.

Game seed: 15806373723066863945, levelgen mode: deterministic

14506 Mattoad the Protected (level 11, 0/151 HPs)
             Began as a Minotaur Berserker on Oct 15, 2019.
             Was an Elder of Trog.
             Succumbed to a redback's poison
             ... on level 2 of the Lair of Beasts.
             The game lasted 00:40:01 (13224 turns).

Mattoad the Protected (Minotaur Berserker)         Turns: 13224, Time: 00:40:02

Health: 0/151      AC: 18    Str: 30    XL:     11   Next: 89%
Magic:  10/10      EV:  7    Int:  4    God:    Trog [****..]
Gold:   438        SH:  0    Dex: 13    Spells: 10/10 levels left

rFire    . . .     SeeInvis +   F - +6 flail (holy)
rCold    . . .     Gourm    .   (no shield)
rNeg     . . .     Faith    .   o - +0 plate armour
rPois    .         Spirit   .   (helmet restricted)
rElec    .         Reflect  .   (no cloak)
rCorr    .         Harm     .   q - +0 pair of gloves
MR       .....                  (no boots)
Stlth    ..........             (no amulet)
HPRegen  0.35/turn              d - ring of see invisible
MPRegen  0.12/turn              v - +3 ring of strength

@: berserking (expiring), lethally poisoned (0 -> -104), held, very quick
A: retaliatory headbutt, horns 2
a: Berserk, Trog's Hand, Brothers in Arms, Renounce Religion


You were on level 2 of the Lair of Beasts.
You worshipped Trog.
Trog was greatly pleased with you.
You were not hungry.

You visited 2 branches of the dungeon, and saw 12 of its levels.

You collected 746 gold pieces.
You spent 308 gold pieces at shops.

Inventory:

Hand Weapons
 a - a +0 mace
 F - a +6 flail of holy wrath (weapon)
Armour
 o - a +0 plate armour (worn)
 q - a +0 pair of gloves (worn)
 I - a +0 shield
Jewellery
 d - a ring of see invisible (left hand)
 k - an uncursed ring of fire
 v - a +3 ring of strength (right hand)
Wands
 s - a wand of random effects (21)
 t - a wand of paralysis (15)
 A - a wand of flame (7)
 K - a wand of polymorph (5)
 L - a wand of iceblast (7)
 N - a wand of scattershot (5)
Scrolls
 b - 4 scrolls of fear
 i - 2 scrolls of fog
 n - 3 scrolls of immolation
 p - 7 scrolls of teleportation
 w - 3 scrolls of magic mapping
 x - 8 scrolls of remove curse
 y - a scroll of random uselessness
 E - a scroll of amnesia
 J - 6 scrolls of blinking
 M - a scroll of silence
 O - a scroll of identify
Potions
 e - a potion of might
 f - 3 potions of curing
 g - 4 potions of degeneration {unknown}
 h - a potion of brilliance {unknown}
 j - 2 potions of invisibility {unknown}
 l - 2 potions of flight {unknown}
 m - 5 potions of lignification {unknown}
 r - 3 potions of agility {unknown}
 u - a potion of berserk rage {unknown}
 z - 4 potions of mutation {unknown}
 B - a potion of ambrosia {unknown}
 C - 2 potions of heal wounds {unknown}
 G - a potion of magic {unknown}
 H - a potion of resistance {unknown}
Comestibles
 c - 21 rations
 D - 13 chunks of flesh


   Skills:
 + Level 10.7 Fighting
 - Level 12.0 Maces & Flails
 + Level 14.3 Armour
 * Level 8.8 Dodging


You had 10 spell levels left.
You didn't know any spells.
Your spell library was empty.

Dungeon Overview and Level Annotations

Branches:
Dungeon (10/15)            Temple (0/1) D:4            Lair (2/6) D:10
 Spider (0/4) Lair:2          Orc (0/2) D:10
  Swamp: Lair:2-4    Shoals: Lair:2-4

Altars:
Cheibriados
Dithmenos
Gozag
Hepliaklqana
Kikubaaqudgha
Makhleb
Nemelex Xobeh
Okawaru
Sif Muna
Uskayaw
Wu Jian
Xom

Shops:
D:7 }(*


Innate Abilities, Weirdness & Mutations

You reflexively headbutt those who attack you in melee.
You have a pair of horns on your head.


Message History

You feel very sick. The jumping spider pounces on you.
* * * LOW HITPOINT WARNING * * *
You are caught in a web!
The jumping spider closely misses you. The jumping spider pounces on you.
* * * LOW HITPOINT WARNING * * *
You are even more entangled.
The jumping spider bites you.
* * * LOW HITPOINT WARNING * * *
You struggle to detach yourself from the web.
* * * LOW HITPOINT WARNING * * *
You feel very sick. The jumping spider pounces on you!
* * * LOW HITPOINT WARNING * * *
The jumping spider closely misses you.
The jumping spider pounces on you but does no damage.
The jumping spider barely misses you.
Unknown command.
You struggle to detach yourself from the web.
You feel a strong urge to attack something.
You die...

........#.#.P.P##....#P.#####...#
...............................##
...<...........................#
.....(.........................#
##.............................#
#..................P..#..###..#
##..................###### #..#
###########.###s.s## #..#
######@...# ..# #....s††..+ .#
##........# #....##..# ..≈....
#..# >.≈..P. #.... ..≈.... ......
.##.... ....... ##.#. #.P.


You could see 3 jumping spiders.

Vanquished Creatures
  A two-headed ogre (D:10)
  Pikel (D:8)
  An ugly thing (D:10)
  An oklob plant (Lair:1)
  A centaur zombie (D:10)
  Psyche (D:8)
  4 spiny frogs (Lair:1)
  A centaur skeleton (D:10)
  3 komodo dragons
  A troll (D:9)
  A hornet (D:8)
  4 hippogriffs
  A wraith (D:10)
  4 redbacks (Lair:2)
  10 yaks
  Grum (D:8)
  A basilisk (Lair:1)
  A hungry ghost (D:10)
  Duvessa (D:7)
  7 water moccasins
  4 sky beasts
  3 orc warriors
  An ice beast (D:5)
  3 phantoms
  4 ogres
  3 wolves (D:8)
  8 centaurs
  A crocodile (Lair:1)
  6 bullfrogs
  Dowan (D:7)
  A water moccasin zombie (D:7)
  17 killer bees
  4 howler monkeys
  7 crimson imps
  A bullfrog zombie (D:9)
  A quasit (D:7)
  7 hounds
  A jelly (D:8)
  A bullfrog skeleton (D:6)
  6 orc wizards
  3 worker ants
  A killer bee zombie (D:7)
  3 hound skeletons
  12 adders
  3 gnolls (D:9)
  A shadow imp (D:7)
  2 adder skeletons
  An adder zombie (D:7)
  6 worms
  A dart slug (D:2)
  3 leopard geckos
  46 orcs
  2 bat zombies (D:4)
  5 giant cockroaches
  10 goblins
  3 hobgoblins
  30 jackals
  8 kobolds
  5 quokkas
  A ball python (D:6)
  A ball python zombie (D:6)
  2 bats
  6 frilled lizards
  2 leopard gecko skeletons
  A quokka zombie (D:5)
  9 rats
  A rat zombie (D:4)
  3 plants
297 creatures vanquished.

Vanquished Creatures (collateral kills)
  The ghost of nubinia the Summoner, a novice TeSu of Sif Muna (Lair:1)
  A komodo dragon (Lair:1)
  A bullfrog (Lair:1)
3 creatures vanquished.

Vanquished Creatures (others)
  A hippogriff (D:8)
  A howler monkey (D:8)
  2 centaur zombies (D:8)
  3 plants (D:10)
7 creatures vanquished.

Grand Total: 307 creatures vanquished

Notes
Turn   | Place    | Note
-------+----------+-------------------------------------------
     0 | D:1      | Mattoad the Minotaur Berserker began the quest for the Orb.
     0 | D:1      | Reached XP level 1. HP: 19/19 MP: 0/0
   584 | D:1      | Reached XP level 2. HP: 24/27 MP: 1/1
   827 | D:1      | Reached ** piety under Trog
   979 | D:1      | Reached XP level 3. HP: 31/33 MP: 2/2
   987 | D:1      | Found a sparkling altar of Nemelex Xobeh.
  1419 | D:2      | Reached skill level 5 in Maces & Flails
  1640 | D:2      | Reached XP level 4. HP: 32/40 MP: 3/3
  1749 | D:2      | Found an opulent altar of Gozag.
  1897 | D:2      | Found a hazy altar of Hepliaklqana.
  2245 | D:3      | Reached *** piety under Trog
  2351 | D:3      | Reached XP level 5. HP: 47/47 MP: 4/4
  2358 | D:3      | Reached skill level 3 in Armour
  2572 | D:3      | Found a burning altar of Makhleb.
  2844 | D:3      | Reached XP level 6. HP: 49/55 MP: 5/5
  2855 | D:3      | Found a snail-covered altar of Cheibriados.
  2857 | D:3      | Found an iron altar of Okawaru.
  2857 | D:3      | Found an ornate altar of the Wu Jian Council.
  3198 | D:4      | Reached skill level 4 in Armour
  3229 | D:4      | Reached skill level 5 in Fighting
  3239 | D:4      | Found a staircase to the Ecumenical Temple.
  3268 | D:4      | Found an ancient bone altar of Kikubaaqudgha.
  3283 | D:4      | Reached **** piety under Trog
  3306 | D:4      | Reached XP level 7. HP: 41/61 MP: 6/6
  4011 | D:4      | Reached skill level 5 in Armour
  4438 | D:5      | Entered Level 5 of the Dungeon
  4478 | D:5      | Found a snail-covered altar of Cheibriados.
  4822 | D:5      | Reached skill level 6 in Armour
  4967 | D:5      | Reached XP level 8. HP: 46/69 MP: 7/7
  5287 | D:6      | Reached skill level 7 in Armour
  5560 | D:6      | Reached skill level 8 in Armour
  6007 | D:7      | Reached skill level 10 in Maces & Flails
  6099 | D:7      | Reached XP level 9. HP: 64/75 MP: 8/8
  6101 | D:7      | Found Ohuedghe's Gadget Shop.
  6400 | D:7      | Found Kudwet's Antique Weapon Emporium.
  6450 | D:7      | Noticed Duvessa
  6450 | D:7      | Noticed Dowan
  6458 | D:7      | Killed Duvessa
  6459 | D:7      | Killed Dowan
  6701 | D:7      | Found Weeclav's Assorted Antiques.
  6710 | D:7      | Bought a shield for 126 gold pieces
  6710 | D:7      | Bought a scroll of identify for 56 gold pieces
  6710 | D:7      | Bought a scroll labeled MUKOSU UTUIRPH for 28 gold pieces
  6710 | D:7      | Bought a scroll of magic mapping for 98 gold pieces
  6933 | D:7      | Found a shimmering blue altar of Sif Muna.
  6942 | D:7      | Reached skill level 9 in Armour
  7028 | D:8      | Noticed Pikel
  7039 | D:8      | Killed Pikel
  7305 | D:8      | Noticed Psyche
  7311 | D:8      | Killed Psyche
  7311 | D:8      | Reached skill level 5 in Dodging
  7361 | D:8      | Reached skill level 10 in Armour
  7361 | D:8      | Reached ***** piety under Trog
  7372 | D:8      | Reached XP level 10. HP: 73/86 MP: 9/9
  7411 | D:8      | Noticed Grum
  7418 | D:8      | Killed Grum
  7698 | D:8      | Found a shadowy altar of Dithmenos.
  8817 | D:8      | Reached skill level 11 in Armour
  9100 | D:8      | Received a gift from Trog
  9408 | D:9      | Found a shimmering altar of Xom.
  9409 | D:9      | Found a shimmering altar of Xom.
  9409 | D:9      | Found a shimmering altar of Xom.
  9409 | D:9      | Found a shimmering altar of Xom.
  9409 | D:9      | Found a shimmering altar of Xom.
  9410 | D:9      | Found a shimmering altar of Xom.
  9410 | D:9      | Found a shimmering altar of Xom.
  9703 | D:9      | Found a hide-covered altar of Uskayaw.
  9716 | D:9      | Noticed a fire crab
  9717 | D:9      | Noticed a fire crab
  9720 | D:9      | Found a shimmering altar of Xom.
  9724 | D:9      | Noticed a moth of wrath
  9724 | D:9      | a fire crab changed into a moth of wrath
  9725 | D:9      | Noticed a cyclops
  9725 | D:9      | a fire crab changed into a cyclops
  9753 | D:10     | Entered Level 10 of the Dungeon
  9795 | D:10     | Noticed a two-headed ogre
  9802 | D:10     | Killed a two-headed ogre
  9802 | D:10     | Reached skill level 12 in Armour
  9802 | D:10     | Reached XP level 11. HP: 97/97 MP: 10/10
  9823 | D:10     | Found a staircase to the Lair.
  9833 | D:10     | Found a staircase to the Orcish Mines.
  9913 | D:10     | Noticed a green ugly thing
  9924 | D:10     | Killed a green ugly thing
 10853 | Lair:1   | Entered Level 1 of the Lair of Beasts
 10866 | Lair:1   | Reached skill level 13 in Armour
 11107 | Lair:1   | Reached skill level 10 in Fighting
 11726 | Lair:1   | Found a large runed translucent door.
 11727 | Lair:1   | Found a large runed translucent door.
 11739 | Lair:1   | Noticed nubinia's ghost (novice TeSu)
 12469 | Lair:1   | Noticed an oklob plant
 12759 | Lair:1   | Killed nubinia's ghost
 12852 | Lair:1   | Killed an oklob plant
 13093 | Lair:2   | Reached skill level 14 in Armour
 13205 | Lair:2   | Found a hole to the Spider Nest.
 13223 | Lair:2   | HP: 6/151 [jumping spider (9)]
 13224 | Lair:2   | Succumbed to a redback's poison

Levels and vault maps discovered:
D:1:      roderic_chinese_lattice_arrival, layout_loops_cross,
          nemelex_diamond_rough_becter
D:2:      layout_loops_cross, marbit_many_paths,
          nicolae_gozag_cash_rules_everything_around_me
D:3:      layout_loops_corners, grunt_temple_overflow_diamond,
          makhleb_heckhound_becter
D:4:      layout_cave_pods, lemuel_zombie_altar_kikubaaqudgha,
          minmay_temple_entry_stoned_glass, first_ration,
          chequers_serial_rivers_large_a
D:5:      layout_basic, basic_altar, grunt_ministairs_10
D:6:      layout_loops_ring
D:7:      layout_basic, lemuel_coloured_pillars_altar, serial_shops,
          nicolae_shop_crystal, shop, nicolae_shop_overgrown_old_shop,
          uniq_duvessa
D:8:      layout_gridville, nicolae_dithmenos_shadow_blocks, uniq_pikel,
          uniq_psyche, uniq_grum
D:9:      layout_rooms, xom_shifter_show, kennysheep_mini, enter_bailey_3
D:10:     layout_small_grid, david_lair_shrubbed
Lair:1:   layout_layer_cave, ebering_ghost_disaster_area,
          minmay_lair_oklob_chamber, lemuel_fruit_fields
Lair:2:   layout_regular_city, nicolae_spider_entry_tight_spaces,
          minmay_lair_oklob_items

Skill      XL: |  1  2  3  4  5  6  7  8  9 10 11 |
---------------+----------------------------------+-----
Maces & Flails | 4 5 6 7 8 10 11 12 | 12.0
Fighting       | 4 5 6 7 9 10 | 10.7
Dodging        | 3 5 7 8 |  8.8
Armour         | 3 4 6 8 10 12 14 | 14.3

Action                   |  1- 3 |  4- 6 |  7- 9 | 10-12 || total
-------------------------+-------+-------+-------+-------++-------
Melee: Mace              |    71 |   157 |   176 |       ||   404
       Headbutt          |    12 |    37 |    47 |    65 ||   161
       Flail             |       |       |    81 |   300 ||   381
Invok: Berserk           |     1 |     1 |     4 |     9 ||    15
       Brothers in Arms  |       |       |       |     5 ||     5
  Use: Scroll            |       |     8 |     6 |     6 ||    20
 Stab: Sleeping          |     1 |       |       |       ||     1
  Eat: Chunk             |     3 |     7 |    13 |    22 ||    45
       Ration            |       |       |     1 |     3 ||     4
Armor: Animal skin       |    13 |       |       |       ||    13
       Plate armour      |    10 |    93 |   169 |   263 ||   535
Dodge: Dodged            |    68 |    54 |   116 |   238 ||   476

Table legend:
 A = Non-vault XP
 B = Vault XP
 C = Vault XP percentage of total XP
 D = Non-vault monster count
 E = Vault monster count
 F = Vault count percentage of total count
                 A         B        C        D         E       F
            +---------+---------+-------+---------+---------+-------
      Total |   16553 |    4170 |  20.1 |     271 |      26 |   8.8
            +---------+---------+-------+---------+---------+-------
        D:1 |      41 |       0 |   0.0 |      24 |       0 |   0.0
        D:2 |     112 |      13 |  10.4 |      22 |       1 |   4.3
        D:3 |     178 |      42 |  19.1 |      35 |       1 |   2.8
        D:4 |     531 |       5 |   0.9 |      19 |       3 |  13.6
        D:5 |     511 |     130 |  20.3 |      14 |       2 |  12.5
        D:6 |     685 |       0 |   0.0 |      25 |       0 |   0.0
        D:7 |     895 |     234 |  20.7 |      24 |       2 |   7.7
        D:8 |    3285 |    1585 |  32.5 |      47 |       6 |  11.3
        D:9 |    1426 |       8 |   0.6 |      13 |       4 |  23.5
       D:10 |    3977 |     378 |   8.7 |      26 |       1 |   3.7
     Lair:1 |    3740 |     881 |  19.1 |      16 |       2 |  11.1
     Lair:2 |    1172 |     894 |  43.3 |       6 |       4 |  40.0
            +---------+---------+-------+---------+---------+-------
